 Dungeon Crawl Stone Soup version 0.17-a0-764-gd40c196 (webtiles) character file.

2142 karvarausku the Martial Artist (level 9, -6/64 HPs)
             Began as a Purple Draconian Transmuter on Apr 23, 2015.
             Killed by divine providence
             ... invoked by an orc priest
              (14 damage)
             ... on level 6 of the Dungeon.
             The game lasted 00:24:24 (7752 turns).

karvarausku the Martial Artist (DrTm)               Turns: 7752, Time: 00:24:24

Health: -6/64      AC:  2    Str: 13    XL:     9   Next: 9%
Magic:  15/17      EV: 20    Int: 14    God:
Gold:   332        SH:  0    Dex: 24    Spells: 3 memorised, 9 levels left

rFire  . . .     SeeInvis .       - Unarmed
rCold  . . .     Clarity  +     (armour unavailable)
rNeg   . . .     SustAb   .     (shield currently unavailable)
rPois  x         Gourm    .     (helmet currently unavailable)
rElec  .         Spirit   .     (cloak currently unavailable)
rCorr  .         Warding  .     (gloves currently unavailable)
rMut   .         Stasis   .     (boots currently unavailable)
MR     +....                    e - amulet of clarity
Stlth  +++.......               u - +5 ring of dexterity
                                m - ring of stealth

@: spider-form, somewhat resistant to hostile enchantments, fairly stealthy
A: (breathe power), unfitting armour, (cold-blooded), AC +7
a: End Transformation


You were on level 6 of the Dungeon.
You were hungry.
You were a venomous arachnid creature.
You visited 1 branch of the dungeon, and saw 6 of its levels.
You also visited: Ossuary.

You collected 332 gold pieces.

Inventory:

Missiles
 a - 71 arrows
Jewellery
 e - an amulet of clarity (around neck)
 m - a ring of stealth (left front leg)
 u - a +5 ring of dexterity (right front leg)
Magical devices
 k - a wand of flame (20)
 s - a wand of enslavement (7)
Scrolls
 d - 8 scrolls of identify
 f - a scroll of fog
 g - 3 scrolls of recharging
 i - 4 scrolls of teleportation
 w - 4 scrolls of magic mapping {unknown}
Potions
 h - 2 potions of heal wounds
 j - 3 potions of restore abilities
 l - 2 potions of ambrosia {unknown}
 n - a potion of cancellation
 o - a potion of poison {unknown}
 p - 2 potions of brilliance {unknown}
 q - 4 potions of berserk rage
 v - 3 potions of curing
Books
 b - a book of Changes

   Spells                             Type                      Level
   a - Beastly Appendage              Transmutation                1
   b - Sticks to Snakes               Transmutation                2
   c - Spider Form                    Transmutation/Poison         3
   d - Ice Form                       Ice/Transmutation            4
   e - Blade Hands                    Transmutation                5
 t - a book of Conjurations

   Spells                             Type                      Level
   a - Magic Dart                     Conjuration                  1
   b - Searing Ray                    Conjuration                  2
   c - Dazzling Spray                 Conjuration/Hexes            3
   d - Fulminant Prism                Conjuration/Hexes            4
   e - Iskenderun's Mystic Blast      Conjuration                  4
   f - Iskenderun's Battlesphere      Conjuration/Charms           5
Comestibles
 c - 10 bread rations
 r - 3 meat rations


   Skills:
 - Level 1.1 Fighting
 - Level 1.7 Dodging
 + Level 8.4 Unarmed Combat
 - Level 5.4 Spellcasting
 + Level 8.2 Transmutations


You had 9 spell levels left.
You knew the following spells:

 Your Spells              Type           Power        Failure   Level  Hunger
a - Beastly Appendage     Trmt           ####..       4%          1    None
b - Spider Form           Trmt/Pois      ###.......   28%         3    ###....
c - Blade Hands           Trmt           ####......   36%         5    ######.


Dungeon Overview and Level Annotations

Branches:
Dungeon (6/15)             Temple (0/1) D:6

Altars:
Ashenzari
Cheibriados
Dithmenos
Gozag
Kikubaaqudgha
Okawaru
Qazlal
Ru
Sif Muna


Innate Abilities, Weirdness & Mutations

((You can breathe bolts of dispelling energy.))
((Your rich purple scales are hard (AC +7).))
Your body does not fit into most forms of armour.
((You are cold-blooded and may be slowed by cold attacks.))


Message History

You kill the orc!
You bite the orc wizard!
You kill the orc wizard!
The orc misses you.
The orc priest hits you with a short sword.
The orc hits you with a trident of flaming!
The orc burns you.
Items here: )) [ †† a dagger; a robe; a mace; an orc corpse; an orc corpse You hit the orc priest.
The orc priest is poisoned.
The orc priest is heavily wounded.
The orc priest mumbles some strange prayers to Beogh against you.
Something smites you!
* * * LOW HITPOINT WARNING * * *
The orc misses you.
You closely miss the orc priest.
The orc priest is heavily wounded.
The orc priest calls down the wrath of Beogh upon you.
Something smites you!
You die...

..#### #....###.##...?....#
.....###....##..##.#......#
........##########.##.....#
..#..#### #. #...#.....#
#.......# #. #.⌠.#.....#
###.....# #.. #...#.....#
##....# ##.###.##......
#....#...#..o#...#...g.
#....#.⌠...⌠.s.⌠.#..
#....#...#..o#...# ###..#
##.###.## ######(## #(.
...# ....##.# ... .>.#
.....#.## ..#. ...#
........#############
.................#
......#..........#


You could see an orc priest and an orc.

Vanquished Creatures
  Grinder (D:6)
  Prince Ribbit (D:5)
  An orc warrior (D:4)
  A phantom (D:5)
  An ogre (D:4)
  2 elf zombies (Ossuary)
  2 giant frogs (D:6)
  2 scorpions
  7 wights
  2 crimson imps
  An orc priest (D:3)
  4 hounds
  2 human zombies (Ossuary)
  4 orc wizards
  5 worker ants
  A big kobold zombie (Ossuary)
  4 mummies (Ossuary)
  Robin (D:4)
  A gnoll (D:2)
  13 adders
  A shadow imp (D:5)
  2 oozes
  An adder zombie (Ossuary)
  A worm (D:2)
  An adder skeleton (D:4)
  9 giant geckos
  27 orcs
  10 bats
  2 bat zombies
  4 giant cockroaches
  17 goblins
  11 hobgoblins
  7 jackals
  9 kobolds
  2 ball pythons
  A giant gecko skeleton (D:6)
  6 giant newts
  2 gnoll zombies (Ossuary)
  A hobgoblin zombie (Ossuary)
  9 rats
179 creatures vanquished.

Vanquished Creatures (others)
  A hobgoblin zombie (Ossuary)
  A kobold zombie (Ossuary)
  An orc zombie (Ossuary)
3 creatures vanquished.

Grand Total: 182 creatures vanquished

Notes
Turn   | Place    | Note
--------------------------------------------------------------
     0 | D:1      | karvarausku, the Draconian Transmuter, began the quest for the Orb.
     0 | D:1      | Reached XP level 1. HP: 16/16 MP: 3/3
   129 | D:1      | Reached XP level 2. HP: 21/23 MP: 5/5
   745 | D:2      | Reached skill level 4 in Unarmed Combat
   963 | D:2      | Reached XP level 3. HP: 28/28 MP: 4/6
   968 | D:2      | Learned a level 3 spell: Spider Form
   997 | D:2      | Found a snail-covered altar of Cheibriados.
  1286 | D:2      | Found an iron altar of Okawaru.
  1726 | D:2      | Reached XP level 4. HP: 26/35 MP: 5/7
  1929 | D:3      | Found a sacrificial altar of Ru.
  1929 | D:3      | Found a stormy altar of Qazlal.
  1929 | D:3      | Found a shattered altar of Ashenzari.
  1996 | D:3      | Found an opulent altar of Gozag.
  2665 | D:3      | Reached XP level 5. HP: 27/40 MP: 4/9
  2813 | D:3      | Found a shadowy altar of Dithmenos.
  2855 | D:3      | Reached XP level 6. HP: 28/47 MP: 7/11
  3522 | D:4      | Found a sand-covered staircase.
  3527 | Ossuary  | Entered an ossuary
  3635 | Ossuary  | Reached skill level 5 in Unarmed Combat
  3782 | Ossuary  | HP: 2/47 [big kobold zombie (3)]
  3784 | Ossuary  | Reached skill level 5 in Spellcasting
  3784 | Ossuary  | Your scales start taking on a rich purple colour.
  3784 | Ossuary  | Reached XP level 7. HP: 2/52 MP: 8/14
  4352 | D:4      | Reached skill level 5 in Transmutations
  4409 | D:4      | Learned a level 5 spell: Blade Hands
  5190 | D:4      | Reached skill level 6 in Unarmed Combat
  5427 | D:4      | Reached XP level 8. HP: 31/59 MP: 14/16
  5449 | D:4      | Noticed Robin
  5692 | D:4      | Killed Robin
  5982 | D:5      | Entered Level 5 of the Dungeon
  6067 | D:5      | Noticed Prince Ribbit
  6084 | D:5      | Killed Prince Ribbit
  6084 | D:5      | Reached skill level 7 in Unarmed Combat
  6755 | D:5      | Found a deep blue altar of Sif Muna.
  7034 | D:6      | Noticed Grinder
  7055 | D:6      | Killed Grinder
  7083 | D:6      | Reached skill level 8 in Unarmed Combat
  7123 | D:6      | Reached XP level 9. HP: 32/64 MP: 12/17
  7503 | D:6      | Found an ancient bone altar of Kikubaaqudgha.
  7736 | D:6      | Found a staircase to the Ecumenical Temple.
  7752 | D:6      | Killed from afar by an orc priest

Action                   |  1- 3 |  4- 6 |  7- 9 || total
-------------------------+-------+-------+-------++-------
Melee: Unarmed           |   139 |   225 |   366 ||   730
 Cast: Beastly Appendage |    10 |    16 |    31 ||    57
       Spider Form       |       |    12 |    13 ||    25
  Use: Scroll            |       |     4 |     6 ||    10
       Potion            |       |     3 |       ||     3
 Stab: Sleeping          |       |     1 |     2 ||     3
  Eat: Chunk             |     1 |     4 |    11 ||    16
       Meat ration       |     1 |       |       ||     1
       Pizza             |       |     1 |     1 ||     2
       Beef jerky        |       |       |     1 ||     1
